 Dungeon Crawl Stone Soup version 0.30-a0-557-ge2afbf3030 (webtiles) character file.

Game seed: 5672527791980171634

28 cforsyth the Ruffian (level 2, -1/24 HPs)
             Began as a Draconian Transmuter on Dec 27, 2022.
             Slain by Terence
             ... wielding a +0 flail
              (9 damage)
             ... on level 2 of the Dungeon.
             The game lasted 00:01:04 (686 turns).

cforsyth the Ruffian (Draconian Transmuter)          Turns: 686, Time: 00:01:05

Health: -1/24      AC:  4    Str: 12    XL:     2   Next: 96%
Magic:  5/5        EV: 11    Int: 13    God:
Gold:   50         SH:  5    Dex: 11    Spells: 4/5 levels left

rFire   . . .      SeeInvis .      - Unarmed
rCold   . . .      Faith    .    d - +2 buckler
rNeg    . . .      Spirit   .    (body armour unavailable)
rPois   .          Reflect  .    (helmet currently unavailable)
rElec   .          Harm     .    (no cloak)
rCorr   +          Rampage  .    (no gloves)
Will    .....                    (boots currently unavailable)
Stlth   +                        (no amulet)
HPRegen 0.24/turn                f - ring of resist corrosion
MPRegen 0.09/turn                h - ring of wizardry

@: appendages (expiring)
A: horns 2, talons 2, AC +4, unfitting armour, cold-blooded
a: End Transformation


You were on level 2 of the Dungeon.
You had temporarily grown beastly horns and talons.
You visited 1 branch of the dungeon, and saw 2 of its levels.

You collected 50 gold pieces.

Inventory:

Armour
 d - a +2 buckler (worn)
Jewellery
 f - a ring of resist corrosion (left hand)
 h - a ring of wizardry (right hand)
Scrolls
 g - a scroll of identify {unknown}
 i - a scroll of teleportation {unknown}
Potions
 a - a potion of lignification
 b - a potion of flight {unknown}
 c - a potion of magic {unknown}
 e - 2 potions of cancellation {unknown}


   Skills:
 + Level 2.0 Fighting
 + Level 2.2 Dodging
 + Level 0.4 Shields
 + Level 3.4 Unarmed Combat
 - Level 2.0 Spellcasting
 - Level 2.0 Transmutations


You had 4 spell levels left.
You knew the following spells:

 Your Spells              Type           Power      Damage    Failure   Level
a - Beastly Appendage     Tmut           12%        N/A       6%          1

Your spell library contained the following spells:

 Spells                   Type           Power      Damage    Failure   Level
 Wereblood                Tmut           6%         N/A       9%          2
 Spider Form              Tmut/Pois      3%         N/A       26%         3
 Ice Form                 Ice/Tmut       3%         N/A       63%         4


Dungeon Overview and Level Annotations

Branches:
Dungeon (2/15)

Altars:

Annotations:
D:2 Terence


Innate Abilities, Weirdness & Mutations

You have temporarily grown beastly horns and talons.
Your plain brown scales are hard. (AC +4)
You cannot fit into any form of body armour.
You are cold-blooded and may be slowed by cold attacks.


Message History

You see here a frilled lizard skeleton.
Done exploring.
Done exploring.
Done exploring.
Done exploring.
Done exploring.
(D) Dungeon
Where to? (? - help)
There is a stone staircase leading down here.
You climb downwards.
Found a leather armour and a ring mail.
There is a stone staircase leading up here.
There are monsters nearby!
You grow a pair of large bovine horns.
Your feet morph into talons.
The adder hisses angrily.
The kobold shouts!
You closely miss the kobold.
You tail-slap the kobold, but do no damage.
The kobold hits you with a +0 club.
You hit the kobold.
You kill the kobold!
Terence attacks as you move away! Terence hits you with a +0 flail.
Things that are here:
a +0 club; a kobold corpse Terence attacks as you move away!
Terence hits you with a +0 flail! Terence attacks as you move away!
Terence closely misses you.
You barely miss Terence. You headbutt Terence. You tail-slap Terence.
Terence is moderately wounded.
Your transformation is almost over.
Terence closely misses you.
You hit Terence but do no damage. You claw Terence, but do no damage.
Your headbutt misses Terence.
Terence is moderately wounded.
You block Terence's attack.
You hit Terence but do no damage. You claw Terence.
Terence is heavily wounded.
Terence hits you with a +0 flail.
You hit Terence. Your headbutt misses Terence.
Terence is heavily wounded.
Terence hits you with a +0 flail!
You die...

#.# #.# #.# #.# #
#.#.# # # #.#.##...
.####.#####........
......[@@S)<..[....
#############.....#
..... .### #


You could see Terence and an adder.

Vanquished Creatures
  A dart slug (D:1)
  A ball python (D:1)
  2 endoplasms (D:1)
  3 giant cockroaches (D:1)
  4 goblins (D:1)
  A hobgoblin (D:1)
  2 quokkas (D:1)
  2 frilled lizards (D:1)
  4 kobolds
  2 rats (D:1)
22 creatures vanquished.

Notes
Turn   | Place    | Note
-------+----------+-------------------------------------------
     0 | D:1      | cforsyth the Draconian Transmuter began the quest for the
                  | Orb.
     0 | D:1      | Reached XP level 1. HP: 16/16 MP: 3/3
    49 | D:1      | Found a faded altar of an unknown god.
   135 | D:1      | Reached XP level 2. HP: 21/23 MP: 3/5
   675 | D:2      | Noticed Terence
   686 | D:2      | Slain by Terence

Illustrated notes

Levels and vault maps discovered:
D:1:      heliophobic_arrival_ceremonial_halls, layout_rooms, serial_forest,
          infiniplex_forest_end_1, infiniplex_forest_clump_tiny,
          infiniplex_forest_straight_2, infiniplex_forest_lined_2,
          infiniplex_forest_straight_5, infiniplex_forest_lined_3_way,
          infiniplex_forest_straight_1, ebering_ecumenical_altar_rust
D:2:      layout_loops_ring, uniq_terence, uniq_sigmund

Skill      XL: |  1  2 |
---------------+-------+-----
Dodging        | 2 |  2.2
Fighting       | 2 |  2.0
Shields        | |  0.4
Unarmed Combat | |  3.4
Spellcasting   | |  2.0
Transmutations | |  2.0

Action                   || total
-------------------------++-------
Melee: Unarmed           ||    59
       Headbutt          ||     8
       Kick              ||     6
       Tailslap          ||     7
 Cast: Beastly Appendage ||     8
Armor: Skin              ||    15
Dodge: Dodged            ||    33
Block: Buckler           ||     9

Table legend: (Time is in decaauts)
 A = Elapsed time spent in this place.
 B = Non-inter-level travel time spent in this place.
 C = Inter-level travel time spent in this place.
 D = Time resting spent in this place.
 E = Time spent auto-exploring this place.
 F = Levels seen in this place.
 G = Mean time per level.
                   A        B        C        D        E       F      G
               +--------+--------+--------+--------+--------+-----+--------+
         Total |    685 |    679 |      6 |      0 |    524 |   2 |  342.5 |
       Dungeon |    685 |    679 |      6 |      0 |    524 |   2 |  342.5 |
               +--------+--------+--------+--------+--------+-----+--------+

Top non-repeatable levels by time:
     D:1: 674 daAuts
     D:2: 10 daAuts
